HS
RIVERRDALE BAPTIST HS CRUSADERS @ POLY PREP COUNTRY DAY SCHOOL BLUE DEVILS
03/10/2060
 
TOP OF THE 1ST
Riverrdale Baptist HS Crusaders batting - Pitching for Poly Prep Country Day School Blue Devils : LHP Kyle Garrett
Pitching: LHP Kyle Garrett
Batting: RHB Vincent Moffett 0-0: Ball
1-0: Swinging Strike
1-1: Swinging Strike
1-2: Ball
2-2: Strikes out swinging
Batting: RHB Chase McNew 0-0: Ball
1-0: Foul Ball, location: 2F
1-1: Ball
2-1: Foul Ball, location: 2F
2-2: Ball
3-2: SINGLE (Line Drive, 34, EV 93.8 MPH)
Batting: RHB Kyle Florella 0-0: Ball
1-0: Ball
Chase McNew is caught stealing 2nd base 2-4
2-0: Ball
3-0: Called Strike
3-1: Swinging Strike
3-2: Strikes out swinging
Top of the 1st over - 0 runs, 1 hit, 0 errors, 0 left on base; Riverrdale Baptist HS 0 - Poly Prep Country Day School 0
BOTTOM OF THE 1ST
Poly Prep Country Day School Blue Devils batting - Pitching for Riverrdale Baptist HS Crusaders : RHP Reed Settlemire
Pitching: RHP Reed Settlemire
Batting: RHB Gavin Higdon 0-0: Ball
1-0: Foul Ball, location: 2F
1-1: Swinging Strike
1-2: Fly out, F5 (Popup, 56S, EV 80.0 MPH)
Batting: RHB Ashton Kim 0-0: Called Strike
0-1: Ball
1-1: Ball
2-1: Called Strike
2-2: Fly out, F7 (Flyball, 78M, EV 83.1 MPH)
Batting: LHB Lucas Costner 0-0: Fly out, F7 (Flyball, 7LM, EV 84.4 MPH)
Bottom of the 1st over - 0 runs, 0 hits, 0 errors, 0 left on base; Riverrdale Baptist HS 0 - Poly Prep Country Day School 0
TOP OF THE 2ND
Riverrdale Baptist HS Crusaders batting - Pitching for Poly Prep Country Day School Blue Devils : LHP Kyle Garrett
Batting: LHB Dillan Wobbe 0-0: Ball
1-0: Swinging Strike
1-1: Fly out, F5 (Line Drive, 56, EV 63.1 MPH)
Batting: LHB Perry Stevens 0-0: Ball
1-0: Ball
2-0: Called Strike
2-1: Called Strike
2-2: Strikes out swinging
Batting: SHB Will Spero 0-0: Fly out, F9 (Flyball, 9D, EV 100.6 MPH)
Top of the 2nd over - 0 runs, 0 hits, 0 errors, 0 left on base; Riverrdale Baptist HS 0 - Poly Prep Country Day School 0
BOTTOM OF THE 2ND
Poly Prep Country Day School Blue Devils batting - Pitching for Riverrdale Baptist HS Crusaders : RHP Reed Settlemire
Batting: RHB Kevin Duffie 0-0: SINGLE (Line Drive, 9S, EV 98.1 MPH)
Batting: LHB Vince Moore 0-0: Ball
1-0: Swinging Strike
1-1: Ball
2-1: Fielders Choice at 2nd, 4-6 (Groundball, 4, EV 110.0 MPH)
Batting: RHB Kurt Hutchinson 0-0: Called Strike
0-1: Ball
1-1: Fly out, F4 (Line Drive, 4, EV 69.4 MPH)
Batting: RHB Kevin Joseph 0-0: Ball
1-0: Ball
2-0: Swinging Strike
2-1: Swinging Strike
2-2: Strikes out swinging
Bottom of the 2nd over - 0 runs, 1 hit, 0 errors, 1 left on base; Riverrdale Baptist HS 0 - Poly Prep Country Day School 0
TOP OF THE 3RD
Riverrdale Baptist HS Crusaders batting - Pitching for Poly Prep Country Day School Blue Devils : LHP Kyle Garrett
Batting: RHB Murray Weldon 0-0: Foul Ball, location: 2F
0-1: Ball
1-1: Ball
2-1: Called Strike
2-2: Fly out, F7 (Flyball, 78S, EV 78.1 MPH)
Batting: RHB Brock Hough 0-0: Called Strike
0-1: Ground out 4-3 (Groundball, 4MD, EV 80.6 MPH)
Batting: RHB Micah Lintz 0-0: Called Strike
0-1: Called Strike
0-2: Ball
1-2: Ball
2-2: Foul Ball, location: 2F
2-2: Ball
3-2: Ground out 4-3 (Groundball, 4, EV 97.5 MPH)
Top of the 3rd over - 0 runs, 0 hits, 0 errors, 0 left on base; Riverrdale Baptist HS 0 - Poly Prep Country Day School 0
BOTTOM OF THE 3RD
Poly Prep Country Day School Blue Devils batting - Pitching for Riverrdale Baptist HS Crusaders : RHP Reed Settlemire
Batting: LHB Joseph Krausse 0-0: Called Strike
0-1: Swinging Strike
0-2: Ball
1-2: Ball
2-2: Fly out, F3 (Line Drive, 3, EV 64.4 MPH)
Batting: RHB Eddie Martin 0-0: Ball
1-0: Fly out, F8 (Line Drive, 78D, EV 95.0 MPH)
Batting: RHB Gavin Higdon 0-0: Called Strike
0-1: Swinging Strike
0-2: Ball
1-2: Strikes out looking
Bottom of the 3rd over - 0 runs, 0 hits, 0 errors, 0 left on base; Riverrdale Baptist HS 0 - Poly Prep Country Day School 0
TOP OF THE 4TH
Riverrdale Baptist HS Crusaders batting - Pitching for Poly Prep Country Day School Blue Devils : LHP Kyle Garrett
Batting: RHB Vincent Moffett 0-0: Ball
1-0: Foul Ball, location: 2F
1-1: Foul Ball, location: 2F
1-2: Ball
2-2: SINGLE (Flyball, 56D, EV 98.1 MPH)
Batting: RHB Chase McNew 0-0: Called Strike
Vincent Moffett is caught stealing 2nd base 2-4
0-1: Foul Ball, location: 2F
0-2: Ground out 6-3 (Groundball, 6, EV 104.4 MPH)
Batting: RHB Kyle Florella 0-0: Called Strike
0-1: Ball
1-1: Swinging Strike
1-2: Ball
2-2: Ball
3-2: Foul Ball, location: 2F
3-2: SINGLE (Flyball, 34D, EV 82.5 MPH)
Batting: LHB Dillan Wobbe 0-0: Called Strike
0-1: Ball
1-1: Ball
2-1: Foul Ball, location: 2F
2-2: SINGLE (Groundball, 4D, EV 104.4 MPH)
Kyle Florella to second
Runner from 2nd tries for 3rd, SAFE, throw by CF made to third
Batting: LHB Perry Stevens 0-0: Called Strike
0-1: Ball
1-1: Ball
2-1: Called Strike
2-2: SINGLE (Groundball, 6MD, EV 94.4 MPH)
Kyle Florella scores
Dillan Wobbe to second
Runner from 2nd tries for 3rd, OUT! 8-5
Top of the 4th over - 1 run, 4 hits, 0 errors, 1 left on base; Riverrdale Baptist HS 1 - Poly Prep Country Day School 0
BOTTOM OF THE 4TH
Poly Prep Country Day School Blue Devils batting - Pitching for Riverrdale Baptist HS Crusaders : RHP Reed Settlemire
Batting: RHB Ashton Kim 0-0: Ground out 6-3 (Groundball, 6, EV 85.0 MPH)
Batting: LHB Lucas Costner 0-0: Ball
1-0: Foul Ball, location: 2F
1-1: Called Strike
1-2: Ball
2-2: Foul Ball, location: 2F
2-2: Fly out, F8 (Flyball, 8RM, EV 91.2 MPH)
Batting: RHB Kevin Duffie 0-0: Ball
1-0: SINGLE (Groundball, 4MD, EV 100.0 MPH)
Batting: LHB Vince Moore 0-0: Ball
1-0: Ball
2-0: Ball
3-0: Called Strike
3-1: Ground out 4-3 (Groundball, 13, EV 90.0 MPH)
Bottom of the 4th over - 0 runs, 1 hit, 0 errors, 1 left on base; Riverrdale Baptist HS 1 - Poly Prep Country Day School 0
TOP OF THE 5TH
Riverrdale Baptist HS Crusaders batting - Pitching for Poly Prep Country Day School Blue Devils : LHP Kyle Garrett
Batting: SHB Will Spero 0-0: Called Strike
0-1: Foul Ball, location: 2F
0-2: Ball
1-2: Ball
2-2: Strikes out swinging
Batting: RHB Murray Weldon 0-0: SINGLE (Groundball, 56S, EV 77.5 MPH) (infield hit)
Batting: RHB Brock Hough 0-0: Grounds into double play, 5-4-3 (Groundball, 56, EV 104.4 MPH)
Top of the 5th over - 0 runs, 1 hit, 0 errors, 0 left on base; Riverrdale Baptist HS 1 - Poly Prep Country Day School 0
BOTTOM OF THE 5TH
Poly Prep Country Day School Blue Devils batting - Pitching for Riverrdale Baptist HS Crusaders : RHP Reed Settlemire
Batting: RHB Kurt Hutchinson 0-0: Foul Ball, location: 2F
0-1: Ball
1-1: Called Strike
1-2: Ball
2-2: Ball
3-2: Ground out 4-3 (Groundball, 4, EV 90.0 MPH)
Batting: RHB Kevin Joseph 0-0: Ball
1-0: Foul Ball, location: 2F
1-1: Ball
2-1: Ball
3-1: SINGLE (Groundball, 56D, EV 101.9 MPH)
Batting: LHB Joseph Krausse 0-0: Ball
1-0: Fielders Choice at 2nd, 1-6 (Groundball, 34S, EV 65.6 MPH)
Batting: RHB Eddie Martin 0-0: Ball
1-0: Ball
Joseph Krausse is caught stealing 2nd base 2-4
Bottom of the 5th over - 0 runs, 1 hit, 0 errors, 0 left on base; Riverrdale Baptist HS 1 - Poly Prep Country Day School 0
TOP OF THE 6TH
Riverrdale Baptist HS Crusaders batting - Pitching for Poly Prep Country Day School Blue Devils : LHP Kyle Garrett
Batting: RHB Micah Lintz 0-0: Foul Ball, location: 2F
0-1: Swinging Strike
0-2: Ball
1-2: Ball
2-2: Ball
3-2: Strikes out swinging
Pitching: RHP Leander Fifield
Batting: RHB Vincent Moffett 0-0: Ball
1-0: Ball
2-0: Called Strike
2-1: Called Strike
2-2: Foul Ball, location: 2F
2-2: Fly out, F8 (Flyball, 78XD, EV 100.0 MPH)
Batting: RHB Chase McNew 0-0: Fly out, F9 (Flyball, 9D, EV 102.5 MPH)
Top of the 6th over - 0 runs, 0 hits, 0 errors, 0 left on base; Riverrdale Baptist HS 1 - Poly Prep Country Day School 0
BOTTOM OF THE 6TH
Poly Prep Country Day School Blue Devils batting - Pitching for Riverrdale Baptist HS Crusaders : RHP Reed Settlemire
Batting: RHB Eddie Martin 0-0: Ball
1-0: Fly out, F7 (Flyball, 78D, EV 98.8 MPH)
Batting: RHB Gavin Higdon 0-0: Called Strike
0-1: Ball
1-1: SINGLE (Line Drive, 8RS, EV 113.8 MPH)
Batting: RHB Ashton Kim 0-0: Called Strike
0-1: Called Strike
0-2: Fly out, F8 (Flyball, 8RM, EV 80.0 MPH)
Batting: LHB Lucas Costner 0-0: Ball
1-0: Swinging Strike
1-1: Called Strike
1-2: Ball
2-2: Strikes out looking
Bottom of the 6th over - 0 runs, 1 hit, 0 errors, 1 left on base; Riverrdale Baptist HS 1 - Poly Prep Country Day School 0
TOP OF THE 7TH
Riverrdale Baptist HS Crusaders batting - Pitching for Poly Prep Country Day School Blue Devils : RHP Leander Fifield
Batting: LHB Nana Pena 0-0: Ground out 5-3 (Groundball, 56S, EV 88.8 MPH)
Batting: LHB Dillan Wobbe 0-0: Swinging Strike
0-1: Ball
1-1: Fly out, F9 (Flyball, 9, EV 91.9 MPH)
Batting: LHB Perry Stevens 0-0: Ball
1-0: Ball
2-0: Ball
3-0: Called Strike
3-1: Called Strike
3-2: Strikes out swinging
Top of the 7th over - 0 runs, 0 hits, 0 errors, 0 left on base; Riverrdale Baptist HS 1 - Poly Prep Country Day School 0
BOTTOM OF THE 7TH
Poly Prep Country Day School Blue Devils batting - Pitching for Riverrdale Baptist HS Crusaders : RHP Reed Settlemire
Pitching: RHP Max Horne
Batting: RHB Kevin Duffie 0-0: Called Strike
0-1: Ball
1-1: Ball
2-1: Foul Ball, location: 2F
2-2: Ball
3-2: SINGLE (Line Drive, 9LM, EV 86.9 MPH)
Batting: LHB Vince Moore 0-0: Called Strike
0-1: Ball
1-1: Swinging Strike
1-2: Ball
2-2: Ball
3-2: Base on Balls
Kevin Duffie to second
Pinch Hitting: LHB Darin Wagner 0-0: Ball
1-0: SINGLE (Groundball, 15S, EV 71.2 MPH) (infield hit)
Kevin Duffie to third
Vince Moore to second
Batting: RHB Kevin Joseph 0-0: Called Strike
0-1: Grounds into fielders choice 6-2 (Groundball, 6, EV 106.9 MPH)
Vince Moore to third
Darin Wagner to second
Batting: LHB Joseph Krausse 0-0: Ball
1-0: Grounds into fielders choice 5-2 (Groundball, 56, EV 80.6 MPH)
Darin Wagner to third
Kevin Joseph to second
Pinch Hitting: LHB Chandler Kee 0-0: Ground out U3 (Groundball, 3L, EV 85.6 MPH)
Bottom of the 7th over - 0 runs, 2 hits, 0 errors, 3 left on base; Riverrdale Baptist HS 1 - Poly Prep Country Day School 0
TOP OF THE 8TH
Riverrdale Baptist HS Crusaders batting - Pitching for Poly Prep Country Day School Blue Devils : RHP Leander Fifield
Now at 1B: Chandler Kee
Now at SS: Riley Lunney
Batting: SHB Will Spero 0-0: Called Strike
0-1: Foul Ball, location: 2F
0-2: Strikes out looking
Batting: RHB Murray Weldon 0-0: Ball
1-0: Called Strike
1-1: Ball
2-1: Ball
3-1: SINGLE (Line Drive, 9LS, EV 108.8 MPH)
Pinch Hitting: RHB Peyton McNaughton 0-0: Ball
1-0: Ball
2-0: Ball
3-0: Base on Balls
Murray Weldon to second
Batting: RHB Micah Lintz 0-0: Ball
1-0: Grounds into double play, 5-4-3 (Groundball, 56, EV 81.2 MPH)
Top of the 8th over - 0 runs, 1 hit, 0 errors, 1 left on base; Riverrdale Baptist HS 1 - Poly Prep Country Day School 0
BOTTOM OF THE 8TH
Poly Prep Country Day School Blue Devils batting - Pitching for Riverrdale Baptist HS Crusaders : RHP Max Horne
Now in LF: Abe Gatlin
Batting: RHB Gavin Higdon 0-0: Ball
1-0: Ground out 4-3 (Groundball, 34, EV 99.4 MPH)
Batting: RHB Ashton Kim 0-0: Ball
1-0: Ground out 1-3 (Groundball, 13S, EV 71.2 MPH)
Batting: LHB Lucas Costner 0-0: Foul Ball, location: 2F
0-1: Ball
1-1: Foul Ball, location: 2F
1-2: Ground out 4-3 (Groundball, 13, EV 90.0 MPH)
Bottom of the 8th over - 0 runs, 0 hits, 0 errors, 0 left on base; Riverrdale Baptist HS 1 - Poly Prep Country Day School 0
TOP OF THE 9TH
Riverrdale Baptist HS Crusaders batting - Pitching for Poly Prep Country Day School Blue Devils : RHP Leander Fifield
Batting: RHB Vincent Moffett 0-0: Swinging Strike
0-1: Fly out, F8 (Line Drive, 8RS, EV 98.1 MPH)
Batting: RHB Chase McNew 0-0: Ball
1-0: Ground out 4-3 (Groundball, 4, EV 105.0 MPH)
Batting: LHB Nana Pena 0-0: Ball
1-0: Ball
2-0: Called Strike
2-1: Ball
3-1: Base on Balls
Batting: LHB Dillan Wobbe 0-0: Ball
1-0: Fly out, F9 (Flyball, 9S, EV 86.2 MPH)
Top of the 9th over - 0 runs, 0 hits, 0 errors, 1 left on base; Riverrdale Baptist HS 1 - Poly Prep Country Day School 0
BOTTOM OF THE 9TH
Poly Prep Country Day School Blue Devils batting - Pitching for Riverrdale Baptist HS Crusaders : RHP Max Horne
Pitching: RHP Montana Sun
Batting: RHB Kevin Duffie 0-0: Ground out 6-3 (Groundball, 56S, EV 84.4 MPH)
Batting: LHB Vince Moore 0-0: Ball
1-0: Swinging Strike
1-1: DOUBLE (Line Drive, 9LS, EV 96.9 MPH)
Pinch Hitting: RHB Karl Luther 0-0: Foul Ball, location: 2F
0-1: Swinging Strike
0-2: Ball
1-2: Ball
2-2: Strikes out looking
Batting: RHB Kevin Joseph 0-0: Called Strike
0-1: Swinging Strike
0-2: Strikes out swinging
Bottom of the 9th over - 0 runs, 1 hit, 0 errors, 1 left on base; Riverrdale Baptist HS 1 - Poly Prep Country Day School 0
Wednesday, April 17th , 2024 - OOTP Baseball 23.10 Build 110